Map: Gold Megaton

Players

Michael - Winner!

  • Race: Terran Terran
  • Spawn Location: 5:00

tileme - Winner!

  • Race: Zerg Zerg
  • Spawn Location: 5:00

TheBiz - Winner!

  • Race: Protoss Protoss
  • Spawn Location: 6:00

mole - Winner!

  • Race: Protoss Protoss
  • Spawn Location: 5:00

Belphegor

  • Race: Terran Terran
  • Spawn Location: 12:00

Mako

  • Race: Terran Terran
  • League: Gold
  • Spawn Location: 0:00

Black

  • Race: Zerg Zerg
  • League: Platinum
  • Spawn Location: 11:00

DjembZone

  • Race: Protoss Protoss
  • League: Platinum
  • Spawn Location: 0:00

VOD

Have the link to the VOD?

Description

Time

  • Played on: Dec. 26, 2017, 8:37 p.m.
  • Length: 11:51
Show
View Real Time Build Order
Export as new Build Order

Michael Terran - Winner!

Build Orders:  

Get SALT Encoding   

  12  0:01  SCV  
  13  0:13  Supply Depot  
  13  0:18  SCV  
  14  0:28  Refinery  
  14  0:30  SCV  
  15  0:37  Barracks  
  15  0:42  SCV  
  16  0:54  SCV  
  17  1:06  SCV  
  18  1:16  Command Center  
  19  1:18  SCV  
  19  1:27  Factory  
  19  1:28  Barracks Tech Lab  
  19  1:30  SCV  
  20  1:41  Refinery  
  20  1:42  SCV  
  20  1:44  Engineering Bay  
  21  1:54  SCV  
  23  2:01  Reaper  
  23  2:10  Supply Depot  
  23  2:14  Orbital Command  
  23  2:21  Factory Tech Lab  
  23  2:24  Factory  
  23  2:30  SCV  
  24  2:42  Siege Tank  
  27  2:45  SCV x2  
  27  2:50  Barracks Tech Lab  
  29  3:01  SCV x2  
  31  3:08  Supply Depot  
  31  3:13  SCV  
  31  3:19  Barracks Tech Lab  
  32  3:20  Siege Tank  
  35  3:29  Planetary Fortress  
  35  3:38  SCV  
  35  3:40  Hi-Sec Auto Tracking  
  36  3:45  Engineering Bay, Armory  
  36  3:47  Command Center  
  36  3:50  SCV  
  37  4:01  Refinery  
  37  4:02  SCV  
  38  4:04  Refinery  
  38  4:13  SCV  
  38  4:14  SCV  
  40  4:17  Terran Infantry Armor Level 1  
  40  4:21  Siege Tank  
  43  4:24  Siege Tank  
  43  4:25  SCV  
  43  4:26  Marine  
  43  4:27  SCV  
  49  4:33  Barracks  
  49  4:37  Terran Infantry Weapons Level 1  
  49  4:38  SCV  
  50  4:39  SCV  
  50  4:43  Supply Depot  
  50  4:44  Marine, Terran Vehicle Weapons Level 1  
  52  4:46  Armory  
  52  4:50  SCV  
  52  4:51  SCV  
  54  5:01  Siege Tank  
  54  5:02  SCV  
  54  5:03  SCV  
  59  5:11  Missile Turret  
  59  5:18  Missile Turret  
  59  5:24  Planetary Fortress  
  59  5:27  SCV x2  
  61  5:33  Siege Tank x2  
  61  5:34  Barracks Reactor  
  67  5:39  SCV x2, Marine, Barracks  
  70  5:43  Supply Depot  
  70  5:48  Barracks  
  70  5:50  Barracks  
  70  5:51  SCV  
  70  5:54  Barracks  
  70  5:57  Marine  
  71  6:01  SCV  
  71  6:02  SCV  
  71  6:03  SCV  
  75  6:11  Siege Tank x2  
  75  6:14  SCV x2  
  75  6:15  SCV  
  75  6:16  Missile Turret  
  84  6:21  Refinery  
  84  6:24  Refinery  
  84  6:25  Refinery  
  84  6:26  SCV  
  84  6:28  Terran Infantry Armor Level 2  
  84  6:30  Terran Ship Weapons Level 1  
  85  6:34  Armory  
  85  6:36  Barracks Reactor  
  85  6:38  Barracks Reactor  
  85  6:43  Supply Depot x2  
  85  6:48  Barracks Reactor  
  85  6:51  Supply Depot  
  85  6:52  Supply Depot  
  85  6:55  Supply Depot  
  85  6:57  Supply Depot  
  85  7:04  SCV x3, Marine x4  
  85  7:06  Starport  
  92  7:08  Starport  
  92  7:11  Starport  
  92  7:16  SCV  
  92  7:17  SCV x2  
  92  7:18  Terran Infantry Weapons Level 2  
  95  7:22  Terran Vehicle Weapons Level 2  
  95  7:29  SCV x3  
  98  7:34  Marine x6  
  104  7:41  SCV x3  
  107  7:45  Marine x4  
  107  7:50  Starport Reactor, Starport Tech Lab  
  111  7:51  Starport Tech Lab  
  111  7:52  Marine x6  
  111  7:55  Supply Depot  
  111  7:58  Supply Depot  
  117  8:01  Supply Depot  
  117  8:09  Terran Vehicle And Ship Armor Level 1  
  117  8:12  Supply Depot  
  117  8:13  Marine x4  
  117  8:14  Marine x6  
  127  8:31  Marine x4  
  127  8:33  Siege Tank  
  127  8:34  Siege Tank  
  137  8:38  Viking x3  
  137  8:39  Viking  
  145  8:48  Combat Shields, Stimpack  
  145  8:52  Supply Depot  
  145  8:53  Supply Depot  
  145  8:54  Supply Depot  
  141  8:59  Marine x5  
  141  9:00  Marine  
  146  9:05  Siege Tank  
  146  9:06  Siege Tank  
  152  9:17  Supply Depot  
  152  9:29  Marine x2  
  152  9:30  Marine x8  
  162  9:33  Viking x4  
  170  9:47  Marine x2  
  169  10:03  Viking x2  
  169  10:06  Concussive Shells  
  168  10:13  Marine x5  
  168  10:14  Marine x5  
  138  10:31  Marine x6  
  138  10:32  Marine x4  
  140  10:49  Marine x10  
  144  10:50  Viking x2  
  144  10:51  Viking x2  
  153  11:06  Marine  
  153  11:07  Marine x4  
  153  11:11  Siege Tank x2  
  162  11:20  Viking x2  
  162  11:21  Viking x2  
  162  11:24  Marine x7  
  162  11:25  Marine x3  
Show
View Real Time Build Order
Export as new Build Order

tileme Zerg - Winner!

Build Orders: Hatch First 

Get SALT Encoding   

  12  0:01  Drone  
  13  0:08  Drone  
  13  0:14  Overlord  
  14  0:32  Drone  
  15  0:38  Hatchery  
  15  0:39  Drone  
  15  0:46  Drone x2  
  17  1:00  Spawning Pool  
  17  1:01  Drone  
  17  1:04  Extractor  
  17  1:07  Drone  
  17  1:23  Drone  
  18  1:31  Drone  
  19  1:39  Drone  
  20  1:50  Drone  
  20  1:51  Queen  
  23  1:55  Metabolic Boost  
  23  1:58  Queen  
  23  2:00  Drone  
  26  2:03  Drone  
  26  2:05  Overlord  
  26  2:08  Extractor  
  26  2:13  Overlord  
  26  2:35  Drone x2  
  28  2:40  Overlord  
  28  2:42  Drone  
  28  2:43  Drone x2  
  31  2:53  Overlord  
  31  3:02  Spore Crawler  
  30  3:16  Zergling x2  
  30  3:17  Zergling x10  
  30  3:18  Zergling x4  
  38  3:44  Zergling x8  
  38  3:45  Zergling x12  
  48  4:01  Lair  
  48  4:14  Zergling x12  
  48  4:15  Zergling x8  
  30  5:09  Spire  
  30  5:11  Drone  
  30  5:12  Drone x4  
  34  5:14  Drone  
  34  5:15  Drone x4  
  34  5:20  Extractor  
  38  5:23  Extractor  
  37  5:43  Spire  
  37  5:49  Drone x3  
  40  5:50  Drone x3  
  40  5:57  Overlord x2, Drone x2  
  44  5:58  Overlord  
  44  5:59  Hatchery  
  43  6:09  Overlord  
  43  6:18  Overlord x3  
  43  6:22  Zerg Flyer Weapons Level 1  
  43  6:26  Mutalisk  
  43  6:27  Mutalisk x5  
  55  6:57  Mutalisk  
  55  6:58  Mutalisk x6  
  55  6:59  Mutalisk x3  
  75  7:11  Zerg Flyer Armor Level 1  
  75  7:27  Mutalisk  
  75  7:28  Mutalisk x6  
  75  7:29  Mutalisk x2  
  93  7:31  Overlord x2  
  93  7:46  Infestation Pit  
  93  7:49  Overlord  
  93  7:50  Overlord x3  
  92  7:58  Mutalisk x4  
  100  8:18  Zerg Flyer Weapons Level 2  
  78  9:48  Hive  
  78  9:50  Mutalisk x3  
  78  9:51  Mutalisk x6  
  78  9:52  Mutalisk x3  
Show
View Real Time Build Order
Export as new Build Order

TheBiz Protoss - Winner!

Build Orders:  

Get SALT Encoding   

  12  0:04  Probe  
  13  0:15  Pylon  
  13  0:17  Probe  
  14  0:29  Probe  
  14  0:30  Assimilator  
  14  0:34  Assimilator  
  15  0:41  Probe  
  16  0:47  Gateway  
  16  0:53  Probe  
  17  1:05  Probe  
  18  1:17  Probe  
  19  1:27  Pylon  
  19  1:29  Probe  
  20  1:38  Gateway  
  20  1:41  Probe  
  20  1:43  Cybernetics Core  
  20  1:46  Zealot  
  21  1:49  Forge  
  21  1:53  Probe (Chrono Boost)  
  24  2:05  Probe (Chrono Boost)  
  24  2:07  Zealot  
  25  2:10  Probe (Chrono Boost)  
  28  2:16  Pylon  
  28  2:20  Probe  
  28  2:21  Warp Gate  
  29  2:27  Stalker  
  31  2:32  Protoss Ground Weapons Level 1  
  31  2:34  Zealot  
  31  2:35  Probe  
  34  2:50  Pylon  
  34  2:55  Pylon  
  34  2:57  Pylon, Stalker  
  36  3:01  Stalker  
  38  3:07  Probe  
  40  3:20  Probe  
  40  3:27  Stalker  
  42  3:29  Gateway  
  42  3:31  Gateway  
  42  3:32  Probe  
  43  3:37  Stargate  
  43  3:40  Stargate  
  43  3:43  Stargate  
  43  3:44  Probe  
  44  4:17  Twilight Council  
  44  4:26  Protoss Ground Armor Level 1  
  44  4:28  Void Ray x2  
  44  4:29  Void Ray  
  56  4:54  Nexus  
  56  4:58  Assimilator  
  56  5:02  Assimilator  
  56  5:04  Stalker x2  
  56  5:06  Assimilator  
  60  5:54  Pylon  
  60  5:57  Pylon  
  60  6:02  Stalker  
  62  6:16  Pylon  
  62  6:20  Pylon, Charge, Protoss Shields Level 1  
  62  6:21  Pylon x3  
  62  6:23  Pylon x2  
  62  6:24  Pylon  
  62  6:26  Protoss Air Weapons Level 1  
  62  6:27  Pylon  
  62  6:43  Stalker x2  
  62  6:44  Stalker  
  62  6:46  Sentry  
  60  7:22  Void Ray x2  
  68  7:52  Nexus  
  68  7:55  Assimilator  
  68  7:58  Assimilator  
  68  8:01  Probe x2  
  68  8:03  Assimilator  
  70  8:06  Blink, Assimilator  
  70  8:09  Assimilator  
  70  8:13  Probe x2  
  70  8:14  Protoss Ground Weapons Level 2  
  72  8:20  Protoss Air Armor Level 1  
  72  8:23  Fleet Beacon  
  72  8:25  Probe x2  
  74  8:35  Robotics Facility x2  
  74  8:37  Probe x2  
  74  8:38  Zealot  
  74  8:39  Zealot x3  
  84  8:49  Probe  
  84  8:50  Probe  
  86  9:17  Void Ray x2  
  86  9:18  Void Ray  
  98  9:39  Zealot x3  
  98  9:40  Zealot  
  106  9:49  Probe x3  
  109  10:00  Void Ray x2  
  109  10:01  Probe x3  
  109  10:04  Void Ray  
  124  10:13  Probe x3  
  127  10:25  Probe x3  
  130  10:37  Probe x2  
  130  10:38  Probe  
  133  10:43  Void Ray  
  137  11:14  Stargate  
  137  11:15  Stargate  
  137  11:17  Stargate  
  137  11:20  Stargate  
  137  11:23  Pylon  
  137  11:25  Pylon  
  137  11:29  Pylon  
Show
View Real Time Build Order
Export as new Build Order

mole Protoss - Winner!

Build Orders: Cannon Rush 

Get SALT Encoding   

  12  0:01  Probe  
  13  0:13  Probe (Chrono Boost)  
  14  0:15  Pylon  
  14  0:26  Probe (Chrono Boost)  
  15  0:32  Probe (Chrono Boost)  
  15  0:35  Forge  
  16  0:42  Probe  
  17  0:54  Pylon, Probe (Chrono Boost)  
  17  0:56  Pylon  
  18  1:06  Probe (Chrono Boost)  
  19  1:14  Probe (Chrono Boost)  
  19  1:16  Photon Cannon  
  19  1:17  Photon Cannon  
  20  1:19  Pylon  
  20  1:25  Gateway  
  20  1:32  Photon Cannon  
  20  1:34  Pylon  
  20  1:53  Photon Cannon  
  20  2:06  Pylon x2  
  20  2:08  Probe  
  21  2:14  Zealot  
  23  2:21  Photon Cannon  
  23  2:26  Photon Cannon  
  23  2:41  Zealot  
  25  2:44  Cybernetics Core  
  25  2:58  Pylon  
  24  3:05  Nexus  
  24  3:07  Pylon  
  24  3:12  Photon Cannon  
  24  3:14  Photon Cannon  
  24  3:15  Pylon  
  23  3:39  Zealot  
  25  3:53  Probe  
  22  3:58  Photon Cannon  
  22  4:01  Assimilator  
  22  4:08  Probe  
  23  4:11  Nexus  
  23  4:12  Pylon, Assimilator  
  23  4:14  Pylon  
  23  4:16  Assimilator  
  23  4:20  Probe  
  23  4:23  Pylon  
  23  4:24  Gateway  
  24  4:25  Gateway  
  24  4:30  Pylon  
  24  4:40  Pylon  
  24  4:43  Assimilator  
  24  4:45  Gateway  
  24  4:48  Gateway  
  24  4:50  Gateway  
  24  4:51  Probe (Chrono Boost)  
  23  4:53  Photon Cannon  
  23  4:55  Warp Gate (Chrono Boost), Gateway  
  23  4:59  Probe (Chrono Boost)  
  24  5:02  Assimilator  
  24  5:06  Probe (Chrono Boost)  
  25  5:13  Probe  
  26  5:16  Twilight Council  
  26  5:20  Robotics Facility  
  26  5:30  Probe (Chrono Boost)  
  26  5:31  Probe x2 (Chrono Boost)  
  32  5:42  Probe (Chrono Boost)  
  32  5:43  Probe (Chrono Boost)  
  32  5:47  Probe (Chrono Boost)  
  32  5:49  Probe x2 (Chrono Boost)  
  34  6:02  Probe x2  
  34  6:03  Probe  
  37  6:09  Blink, Dark Shrine  
  37  6:10  Pylon  
  37  6:13  Observer  
  40  6:18  Probe (Chrono Boost)  
  40  6:19  Probe (Chrono Boost)  
  40  6:21  Probe (Chrono Boost)  
  41  6:28  Pylon  
  41  6:30  Probe (Chrono Boost)  
  41  6:31  Probe (Chrono Boost)  
  44  6:34  Probe (Chrono Boost)  
  44  6:37  Pylon  
  44  6:38  Pylon  
  44  6:51  Gateway  
  44  6:52  Gateway  
  44  6:56  Gateway  
  44  6:57  Stalker x3  
  44  6:58  Stalker x3  
  56  7:02  Observer  
  56  7:07  Probe (Chrono Boost)  
  60  7:11  Probe (Chrono Boost)  
  60  7:12  Probe (Chrono Boost)  
  60  7:13  Pylon  
  60  7:17  Probe (Chrono Boost)  
  60  7:21  Probe x2 (Chrono Boost)  
  60  7:22  Photon Cannon, Probe (Chrono Boost)  
  63  7:26  Photon Cannon, Stalker x2  
  63  7:27  Pylon  
  68  7:31  Probe x2  
  68  7:33  Probe  
  71  7:43  Probe x2  
  73  7:45  Probe  
  73  7:46  Stalker x2  
  73  7:47  Stalker x2  
  82  7:55  Dark Templar, Probe x2  
  86  8:00  Dark Templar  
  86  8:04  Probe  
  89  8:07  Probe  
  89  8:09  Pylon  
  89  8:12  Gateway, Probe  
  91  8:16  Probe  
  91  8:19  Probe  
  93  8:20  Stalker x3  
  93  8:21  Stalker  
  93  8:24  Probe  
  102  8:32  Protoss Ground Weapons Level 1  
  100  8:35  Forge  
  100  8:37  Forge, Pylon  
  80  8:53  Stalker x6  
  89  9:00  Probe x3  
  92  9:12  Probe x3  
  95  9:21  Stalker x4  
  95  9:22  Stalker x2  
  107  9:24  Probe  
  107  9:29  Pylon  
  108  9:31  Gateway  
  108  9:35  Probe  
  108  9:36  Probe x2  
  108  9:37  Gateway  
  108  9:38  Gateway  
  111  9:39  Protoss Ground Armor Level 1, Protoss Shields Level 1  
  111  9:40  Gateway  
  111  9:41  Charge  
  111  9:42  Observer, Gateway  
  111  9:43  Pylon  
  110  9:49  Pylon  
  102  9:57  Pylon  
  100  10:04  Observer  
  100  10:06  Pylon  
  101  10:07  Stalker x2  
  101  10:08  Stalker x4  
  113  10:25  Observer  
  114  10:30  Probe x3  
  114  10:33  Stalker x6  
  114  10:34  Stalker x2  
  114  10:35  Stalker x4  
  139  10:36  Stalker x3  
  139  10:42  Probe x3  
  150  10:54  Probe x2  
  150  10:55  Probe  
  153  10:57  Stalker  
  153  10:58  Stalker x6  
  153  10:59  Stalker x4  
  153  11:00  Stalker x4  
  183  11:06  Pylon, Probe  
  183  11:07  Pylon  
  183  11:09  Pylon  
  128  11:37  Stalker x2  
  128  11:38  Stalker x4  
  128  11:39  Stalker x4  
  143  11:40  Stalker x3  
  143  11:41  Stalker x2  
Show
View Real Time Build Order
Export as new Build Order

Belphegor Terran 

Build Orders:  

Get SALT Encoding   

  12  0:03  SCV  
  13  0:15  SCV, Supply Depot  
  14  0:27  SCV  
  15  0:40  SCV  
  16  0:46  Barracks  
  16  0:52  SCV  
  17  1:04  SCV  
  18  1:06  Command Center  
  18  1:07  Refinery  
  18  1:10  Refinery  
  18  1:16  SCV  
  19  1:19  Engineering Bay  
  19  1:28  SCV  
  20  1:40  SCV, Barracks  
  20  1:44  Marine  
  22  1:52  SCV  
  23  1:57  Terran Infantry Weapons Level 1  
  23  2:03  Supply Depot  
  23  2:17  Marine  
  23  2:18  SCV  
  25  2:29  Barracks Reactor  
  25  2:30  SCV  
  25  2:34  Barracks  
  25  2:35  Marine  
  27  2:40  Planetary Fortress  
  27  2:42  SCV  
  28  2:47  Missile Turret  
  28  2:54  SCV  
  29  3:07  Barracks Reactor  
  29  3:09  Supply Depot  
  29  3:11  SCV  
  30  3:23  SCV, Marine  
  30  3:24  Barracks Reactor  
  30  3:25  Marine  
  33  3:32  Supply Depot  
  33  3:35  SCV  
  33  3:39  SCV  
  33  3:40  Marine  
  33  3:41  Missile Turret  
  36  3:43  Marine  
  36  3:47  SCV  
  35  3:49  Engineering Bay  
  35  3:51  SCV  
  35  3:55  Terran Infantry Armor Level 1  
  36  3:57  Marine x2  
  36  3:58  Marine  
  36  4:01  Marine  
  40  4:03  SCV  
  40  4:04  Supply Depot  
  40  4:07  SCV  
  42  4:15  Refinery, SCV, Marine x4  
  42  4:16  Marine  
  48  4:18  Marine  
  48  4:19  SCV  
  50  4:26  Factory  
  50  4:27  SCV  
  51  4:31  SCV  
  51  4:33  Marine x3  
  51  4:34  Marine  
  55  4:53  Marine x4  
  55  4:54  Marine x2  
  55  4:57  Supply Depot  
  61  5:11  Marine x3  
  64  5:17  Marine  
  64  5:18  Marine x2  
  64  5:20  Factory Tech Lab  
  66  5:21  Supply Depot  
  66  5:24  Starport  
  66  5:28  SCV  
  66  5:29  SCV, Marine x3  
  66  5:33  Refinery  
  70  5:35  Marine x2  
  70  5:40  SCV, Marine  
  70  5:42  SCV  
  75  5:43  Building Armor  
  75  5:46  Marine  
  75  5:47  Marine x2  
  75  5:48  Siege Tank  
  75  5:49  Hi-Sec Auto Tracking  
  81  5:52  SCV  
  81  5:53  Marine x2  
  81  5:54  SCV  
  81  5:55  Supply Depot  
  85  5:58  Marine  
  85  6:02  Starport  
  86  6:04  Starport Tech Lab  
  86  6:16  SCV, Marine  
  86  6:18  Supply Depot  
  88  6:21  Armory  
  88  6:22  SCV  
  89  6:31  Marine x5  
  94  6:36  Cloaking Field  
  94  6:39  SCV, Marine  
  96  6:42  Supply Depot  
  96  6:46  Neosteel Frame  
  96  6:49  Marine x5  
  96  6:50  Starport, Starport Tech Lab  
  96  6:51  SCV  
  95  6:57  Marine  
  81  7:05  Infernal Pre-Igniter  
  81  7:06  Marine, Supply Depot  
  81  7:07  Marine x4  
  86  7:11  Orbital Command  
  86  7:15  Marine  
  87  7:22  Missile Turret  
  87  7:23  Terran Infantry Weapons Level 2  
  87  7:24  Marine x2  
  87  7:25  Marine x3  
  87  7:27  Starport  
  87  7:28  Armory  
  87  7:29  Terran Vehicle Weapons Level 1  
  92  7:30  Supply Depot  
  92  7:32  Marine  
  92  7:36  Starport Tech Lab  
  93  7:42  Marine x3, Missile Turret  
  93  7:43  SCV, Marine x2  
  99  7:50  Marine, Fusion Core  
  100  7:53  Supply Depot  
  100  8:00  Siege Tank, Marine x4  
  100  8:01  Marine  
  100  8:04  Terran Infantry Armor Level 2, Starport  
  100  8:05  Missile Turret  
  108  8:07  Starport Tech Lab  
  108  8:08  Marine  
  109  8:18  Marine x5  
  114  8:25  Missile Turret  
  114  8:26  Marine  
  115  8:27  Supply Depot, Terran Vehicle And Ship Armor Level 1  
  115  8:32  Siege Tank  
  118  8:36  Marine x2, Missile Turret  
  118  8:40  Battlecruiser x2  
  118  8:41  Battlecruiser  
  124  8:49  Supply Depot  
  63  9:12  Supply Depot  
  63  9:14  Marine  
  63  9:15  Marine x5  
  57  9:24  SCV, Terran Ship Weapons Level 1  
  44  9:32  SCV, Marine x3  
  44  9:33  Marine x3  
  44  9:36  Starport Tech Lab  
  44  9:37  SCV  
  52  9:44  SCV  
  53  9:49  SCV  
  54  9:56  SCV  
  54  9:57  Missile Turret  
  55  10:01  SCV  
  56  10:08  SCV  
  56  10:13  SCV  
  47  10:16  Missile Turret  
  47  10:20  SCV  
  35  10:35  Missile Turret  
  29  10:36  Battlecruiser x3  
  29  10:37  Battlecruiser x2  
  29  10:40  SCV  
  58  10:45  SCV  
  58  10:52  SCV  
  52  10:57  SCV  
  48  11:04  SCV  
  48  11:09  SCV  
  44  11:16  SCV  
  40  11:21  SCV  
  39  11:33  SCV  
Show
View Real Time Build Order
Export as new Build Order

Mako Terran 

Build Orders: MMM Bio 

Get SALT Encoding   

  12  0:01  SCV  
  13  0:13  SCV  
  14  0:17  Supply Depot  
  14  0:23  Refinery  
  14  0:25  SCV  
  15  0:39  SCV  
  15  0:42  Barracks  
  16  0:51  SCV  
  17  1:05  SCV  
  18  1:18  SCV  
  19  1:30  Marine  
  19  1:32  Orbital Command  
  20  1:35  Command Center  
  20  1:56  Barracks Reactor  
  20  1:58  Factory  
  20  2:02  SCV  
  21  2:16  SCV  
  21  2:19  Refinery  
  22  2:34  Marine  
  23  2:37  Supply Depot  
  23  2:38  Supply Depot  
  23  2:41  Factory Tech Lab  
  23  2:47  Marine  
  23  2:50  Orbital Command  
  24  2:55  SCV  
  25  3:01  Siege Tank  
  28  3:09  Marine x2, Starport  
  30  3:14  Orbital Command  
  29  3:51  Siege Tank  
  31  4:02  Marine x2, Medivac  
  35  4:10  Barracks  
  35  4:13  Barracks  
  35  4:15  Barracks  
  35  4:16  Command Center  
  25  4:51  Starport Reactor  
  22  5:02  Siege Tank  
  22  5:03  Barracks Tech Lab x2  
  22  5:04  Barracks Reactor  
  25  5:08  SCV x2  
  27  5:17  Supply Depot  
  27  5:18  Engineering Bay  
  27  5:20  SCV x2  
  29  5:22  Armory  
  29  5:23  Engineering Bay  
  29  5:26  Combat Shields  
  29  5:27  Stimpack  
  29  5:28  Marine  
  29  5:29  Marine x3  
  29  5:31  Medivac  
  29  5:32  SCV  
  29  5:33  SCV  
  37  5:45  SCV x2  
  37  5:46  Marine  
  40  5:57  SCV x2  
  41  5:58  Marine x3  
  41  5:59  Refinery, Marine x2  
  41  6:01  Refinery  
  47  6:09  SCV x2  
  47  6:10  Marine  
  50  6:16  Planetary Fortress, Marine x2  
  52  6:19  Marine x2  
  52  6:20  Marine  
  52  6:21  SCV x2  
  57  6:28  Marine  
  58  6:33  SCV x2, Marine  
  58  6:38  Marauder x2  
  58  6:39  Terran Infantry Weapons Level 1  
  65  6:42  Marine x2  
  65  6:45  SCV x2  
  65  6:46  Marine  
  70  6:51  Marine  
  71  6:57  SCV x2  
  71  6:59  Marine x2  
  71  7:00  Marine  
  76  7:04  SCV, Sensor Tower  
  77  7:11  Supply Depot  
  77  7:14  Supply Depot  
  77  7:32  SCV x3, Marine x5  
  85  7:42  Marine  
  86  7:44  SCV x3  
  86  7:50  Marine x4  
  93  7:56  Supply Depot  
  93  8:08  Supply Depot  
  93  8:10  Supply Depot  
  93  8:18  SCV x3  
  96  8:30  SCV x3, Marine x2  
  96  8:31  Marine  
  96  8:32  Medivac x2  
  106  8:39  Marine x3  
  109  8:42  SCV x3  
  109  8:48  Marine x2  
  112  8:54  SCV x3  
  117  9:09  Refinery  
  117  9:16  SCV  
  117  9:19  SCV  
Show
View Real Time Build Order
Export as new Build Order

Black Zerg 

Build Orders: Pool First, Lurkers 

Get SALT Encoding   

  12  0:05  Drone  
  13  0:13  Drone  
  14  0:14  Overlord  
  14  0:34  Spawning Pool  
  13  0:36  Drone x2, Extractor  
  14  0:47  Drone  
  15  0:53  Drone  
  16  1:01  Drone  
  17  1:15  Drone  
  18  1:22  Hatchery  
  17  1:27  Drone, Extractor  
  17  1:31  Metabolic Boost  
  17  2:01  Lair  
  17  2:17  Drone x3  
  20  2:40  Queen  
  22  2:57  Drone x2  
  24  3:04  Hydralisk Den  
  23  3:06  Zergling x8  
  27  3:21  Zergling x2  
  27  3:22  Overlord x2  
  28  3:34  Overseer  
  28  3:37  Muscular Augments  
  28  3:42  Lurker Den  
  28  3:48  Hydralisk x4  
  27  3:53  Queen  
  37  4:11  Evolution Chamber  
  37  4:12  Hydralisk x4  
  37  4:13  Evolution Chamber  
  41  4:43  Hydralisk  
  42  4:45  Overlord  
  42  4:46  Overlord  
  40  5:12  Zerg Missile Weapons Level 1  
  40  5:13  Zerg Ground Armor Level 1  
  40  5:16  Lurker x5  
  45  5:32  Overseer, Lurker  
  46  5:49  Hatchery  
  45  5:53  Lurker x2  
  47  6:27  Infestation Pit  
  46  6:37  Hydralisk x2  
  46  6:38  Hydralisk x3  
  46  6:39  Zergling x2  
  58  6:40  Zergling x6  
  58  6:41  Overlord x2  
  60  6:59  Overseer x2  
  60  7:03  Drone  
  60  7:08  Drone x6  
  65  7:09  Drone  
  68  7:26  Hydralisk x2  
  68  7:27  Hydralisk x2  
  76  7:42  Extractor  
  76  7:43  Extractor  
  74  7:55  Overlord x2  
  74  8:19  Overseer  
  74  8:21  Overseer  
  74  8:24  Hydralisk x5  
  74  8:25  Hydralisk x3  
  72  8:52  Spore Crawler  
  71  9:00  Drone  
  68  10:08  Drone x3  
  71  10:28  Spore Crawler  
  70  10:31  Spore Crawler  
  69  10:36  Spore Crawler x2  
  69  10:37  Drone x2  
  69  10:40  Spore Crawler  
  60  10:52  Hydralisk x4  
  60  10:53  Hydralisk x5  
  61  11:06  Hydralisk x6  
Show
View Real Time Build Order
Export as new Build Order

DjembZone Protoss 

Build Orders:  

Get SALT Encoding   

  12  0:18  Probe  
  13  0:22  Pylon  
  13  0:30  Probe  
  14  0:42  Probe  
  14  0:49  Pylon  
  15  0:55  Probe  
  16  0:57  Pylon  
  16  1:07  Probe  
  17  1:13  Forge  
  16  1:52  Photon Cannon  
  13  1:57  Photon Cannon  
  13  2:00  Photon Cannon  
  1  3:52  Nexus  
  1  5:46  Probe  
  2  5:58  Probe  
  3  6:10  Probe  
  4  6:22  Probe  
  5  6:34  Probe  
  6  6:41  Pylon  
  6  6:46  Probe  
  7  6:58  Probe  
  7  7:48  Nexus  
Tags
 
Add a new tag
Caveats
  • Supply blocks, unpowered buildings, or Contaminate may cause inaccurate times.
  • Supply counts are checked every 10 seconds.